AoeStats
← Mongkadai

Black Forest

505697300Analyzed
3v3 RM · 23d ago on Sep 10, 2026· 57m 48s· 6 players
Game mode
Random Map
Map size
Normal (6 player)
Population
200
Speed
Normal
Resources
Standard
Victory
Conquest
Starting age
Dark Age
Ending age
Imperial Age
RankedLock teamsTeams togetherTeam positionsShared explorationLock speedFull tech treeHidden civsTurbo modeCheats
Victory
Defeat
🇭🇺 Bohemians · Hungary
907
+12
🇺🇸 Slavs · United States
880
+14
🇨🇱 Mongols · Chile
836
+15
🇬🇧 Khmer · United Kingdom
863
-15
🇬🇧 Persians · United Kingdom
830
-14
🇬🇧 Celts · United Kingdom
782
-12
Mongkadai
0:53 Loom
12:52 Feudal Age
21:05 Castle Age
19:22 Double-Bit Axe
23:23 Fletching
23:56 Gold Mining
23:59 Stone Mining
24:15 Bodkin Arrow
24:09 Horse Collar
25:12 Wheelbarrow
28:52 Bow Saw
29:10 Elite Skirmisher
29:16 Elite Skirmisher
30:43 Bow Saw
33:21 Imperial Age
32:10 Forging
32:08 Scale Barding Armor
32:42 Bloodlines
34:34 Conscription
34:25 Husbandry
35:38 Iron Casting
35:24 Chain Barding Armor
35:00 Bodkin Arrow
36:59 Chemistry
35:57 Town Watch
37:22 Ballistics
38:13 Hoardings
38:02 Hand Cart
37:51 Heavy Plow
38:27 Gold Shaft Mining
39:44 Town Patrol
42:01 Blast Furnace
43:04 Plate Barding Armor
42:12 Heavy Scorpion
43:57 Elite Boyar
44:49 Padded Archer Armor
48:18 Leather Archer Armor
50:44 Hoardings
54:09 Detinets
54:13 Pikeman
Joe
12:50 Feudal Age
17:24 Castle Age
15:37 Double-Bit Axe
18:41 Fishing Lines
19:16 Bow Saw
22:16 Horse Collar
23:03 Gillnets
25:25 Wheelbarrow
26:56 Heavy Plow
28:19 Hand Cart
31:08 Imperial Age
29:57 Scale Mail Armor
30:07 Forging
30:53 Chain Mail Armor
30:03 Pikeman
30:44 Squires
31:49 Chemistry
30:54 Town Watch
31:23 Halberdier
34:28 Plate Mail Armor
34:33 Iron Casting
34:58 Houfnice
41:14 Blast Furnace
42:43 Siege Engineers
42:59 Ballistics
43:49 Caravan
47:02 Masonry
jimyyyy
11:59 Feudal Age
12:28 Double-Bit Axe
12:25 Horse Collar
15:22 Wheelbarrow
20:22 Gold Mining
24:31 Castle Age
22:51 Stone Mining
23:30 Fletching
23:55 Padded Archer Armor
25:38 Bodkin Arrow
26:22 Stone Shaft Mining
27:29 Leather Archer Armor
27:48 Bow Saw
29:12 Bloodlines
29:39 Caravan
29:42 Heavy Plow
30:29 Hand Cart
30:45 Forging
32:17 Gold Shaft Mining
32:40 Iron Casting
34:58 Husbandry
35:23 Thumb Ring
39:40 Imperial Age
36:56 Crossbowman
37:51 Fishing Lines
39:49 Elite Mangudai
41:36 Bracer
43:59 Blast Furnace
44:31 Chemistry
47:25 Ballistics
50:22 Parthian Tactics
50:56 Arbalester
53:36 Scale Barding Armor
Boop
3:02 Loom
3:10 Loom
10:40 Feudal Age
11:00 Horse Collar
11:57 Double-Bit Axe
18:35 Castle Age
19:40 Bow Saw
19:34 Heavy Plow
23:17 Bloodlines
23:42 Light Cavalry
25:02 Husbandry
25:55 Wheelbarrow
27:24 Scale Barding Armor
27:31 Forging
28:58 Chain Barding Armor
29:41 Iron Casting
34:05 Imperial Age
34:46 Hussar
36:36 Hand Cart
37:14 Plate Barding Armor
43:50 Conscription
52:09 Pikeman
55:06 Blast Furnace
Vic Rotter
0:47 Loom
17:00 Feudal Age
17:18 Horse Collar
17:26 Double-Bit Axe
20:21 Wheelbarrow
19:31 Town Watch
25:35 Castle Age
23:42 Stone Mining
23:42 Gold Mining
26:45 Heavy Plow
26:58 Bow Saw
27:51 Gold Shaft Mining
33:27 Hand Cart
35:23 Kamandaran
37:00 Town Patrol
41:57 Imperial Age
40:39 Stone Shaft Mining
40:07 Padded Archer Armor
39:58 Fletching
40:14 Scale Barding Armor
39:37 Crossbowman
40:24 Elite Skirmisher
41:55 Husbandry
42:05 Bloodlines
43:23 Leather Archer Armor
43:03 Bodkin Arrow
43:30 Chain Barding Armor
45:14 Conscription
45:04 Citadels
44:59 Caravan
45:32 Ring Archer Armor
46:10 Chemistry
45:06 Murder Holes
45:32 Ballistics
44:54 Pikeman
45:36 Squires
45:21 Gambesons
47:10 Crop Rotation
47:46 Two-Man Saw
46:25 Heavy Camel Rider
50:41 Thumb Ring
50:05 Cavalier
51:28 Elite War Elephant
53:07 Savar
Wanka
15:27 Feudal Age
15:57 Horse Collar
20:42 Castle Age
19:48 Double-Bit Axe
20:03 Gold Mining
22:01 Heavy Plow
22:15 Bow Saw
26:49 Stone Mining
29:17 Wheelbarrow
29:13 Caravan
30:53 Hand Cart
33:19 Gold Shaft Mining
33:19 Stone Shaft Mining
35:11 Scale Barding Armor
35:06 Scale Mail Armor
35:07 Padded Archer Armor
34:57 Fletching
35:18 Forging
38:33 Chain Mail Armor
38:39 Chain Barding Armor
38:34 Leather Archer Armor
38:14 Bodkin Arrow
42:27 Imperial Age
42:35 Iron Casting
42:28 Heavy Scorpion
42:29 Onager
42:30 Capped Ram
44:45 Furor Celtica
44:56 Conscription
44:27 Stronghold
44:56 Siege Onager
50:16 Siege Ram
Connection lost

Rejoining the realm…

Still unreachable

The connection could not be restored.

Session expired

The server has moved on; the page needs a fresh start.